 Dungeon Crawl Stone Soup version 0.17-a0-1718-g72dbe4d (webtiles) character file.

345 urechis the Skirmisher (level 6, 0/53 HPs)
             Began as a Demonspawn Abyssal Knight on Aug 24, 2015.
             Was a Priest of Lugonu.
             Killed by a spatial distortion (4 damage)
             ... on level 4 of the Dungeon.
             The game lasted 00:05:52 (4157 turns).

urechis the Skirmisher (Demonspawn Abyssal Knight)  Turns: 4157, Time: 00:05:53

Health: 0/53       AC:  5    Str: 14    XL:     6   Next: 32%
Magic:  7/7        EV: 11    Int: 13    God:    Lugonu [***...]
Gold:   165        SH:  0    Dex: 15    Spells: 0 memorised, 5 levels left

rFire  . . .     SeeInvis .     a - +1 falchion
rCold  . . .     Clarity  .     b - +0 leather armour
rNeg   . . .     SustAt   .     (no shield)
rPois  .         Gourm    .     (helmet restricted)
rElec  .         Spirit   .     d - +1 cloak
rCorr  .         Warding  .     (no gloves)
rMut   .         Stasis   .     (no boots)
MR     .....                    (no amulet)
Stlth  ++........               (no ring)
                                s - ring of flight

@: not resistant to hostile enchantments, unstealthy
A: antennae 2, thin skeletal structure 1, demonic guardian 1
a: Depart the Abyss, Bend Space, Banish, Renounce Religion, Evoke Flight


You were on level 4 of the Dungeon.
You worshipped Lugonu.
Lugonu was most pleased with you.
You were not hungry.

You visited 1 branch of the dungeon, and saw 4 of its levels.
You visited the Abyss 1 time.

You collected 165 gold pieces.

Inventory:

Hand weapons
 a - a +1 falchion (weapon)
Armour
 b - a +0 leather armour (worn)
 d - a +1 cloak (worn)
Jewellery
 s - a ring of flight (left hand)
Scrolls
 f - 6 scrolls of identify {unknown}
 j - a scroll of remove curse {unknown}
 n - a scroll of recharging {unknown}
 r - a scroll of fog {unknown}
 t - a scroll of noise {unknown}
 u - 3 scrolls of teleportation {unknown}
 v - a scroll of enchant armour {unknown}
 w - a scroll of fear {unknown}
 x - a scroll of amnesia {unknown}
 y - 2 scrolls of enchant weapon {unknown}
Potions
 e - a potion of flight {unknown}
 g - 2 potions of might {unknown}
 i - 3 potions of curing
 l - a potion of lignification {unknown}
 m - a potion of degeneration {unknown}
 p - a potion of agility {unknown}
 q - a potion of cancellation {unknown}
 z - a potion of poison {unknown}
Comestibles
 c - 4 bread rations
 h - a beef jerky
 k - 2 slices of pizza
 o - a meat ration


   Skills:
 + Level 6.9 Fighting
 * Level 2.5 Long Blades
 - Level 1.7 Armour
 - Level 0.8 Dodging
 - Level 2.4 Invocations


You had 5 spell levels left.
You didn't know any spells.

Dungeon Overview and Level Annotations

Branches:
Dungeon (4/15)
 Temple: D:4-7

Altars:
Ashenzari


Innate Abilities, Weirdness & Mutations

You have a pair of antennae on your head.
You have a somewhat thin skeletal structure (Dex +2, Stealth).
A weak demonic guardian rushes to your aid.


Message History

You are too injured to fight recklessly!
You are too injured to fight recklessly!
You are too injured to fight recklessly!
You are too injured to fight recklessly!
You are too injured to fight recklessly!
You are too injured to fight recklessly!
You are too injured to fight recklessly!
You closely miss the iguana.
The iguana is heavily wounded.
The iguana bites you!
* * * LOW HITPOINT WARNING * * *
The iguana bites you!
* * * LOW HITPOINT WARNING * * *
You hit the iguana but do no damage.
The iguana is heavily wounded.
The iguana bites you!
* * * LOW HITPOINT WARNING * * *
Use which ability? (? or * to list) Space bends around you!
You blink.
You die...

####.. ....##.............#
...... ..................##
...... #.................#
......###...#........#.....####
.......#..(# ##......##........
..........# ##......##........
#........### #..##...###......<
#..........###..##...# #.......
#............#@.##...# #.......
...............####<.###.###...
.##........l§...# #...#...###..
#...............#...#....##..
#...........##..............(
##.........## ##..##.......<.
#.........# ..##.........
...........# ####.####...
..........## #..# ###.


You could see an iguana.

Vanquished Creatures
  2 orc priests (D:3)
  A worker ant (D:3)
  6 adders
  An ooze (D:3)
  A worm (D:2)
  17 orcs (D:3)
  11 bats
  4 giant cockroaches
  11 hobgoblins
  A quokka (D:3)
  3 ball pythons
  3 giant geckos
  7 giant newts
  10 goblins
  7 kobolds
  5 rats
90 creatures vanquished.

Vanquished Creatures (collateral kills)
  The ghost of PooFace the Ducker, an average TrBe of Trog (D:3)
  An orc (D:3)
2 creatures vanquished.

Grand Total: 92 creatures vanquished

Notes
Turn   | Place    | Note
--------------------------------------------------------------
     0 | Abyss:1  | urechis the Demonspawn Abyssal Knight began the quest for the Orb.
     0 | Abyss:1  | Reached XP level 1. HP: 18/18 MP: 2/2
    68 | Abyss:1  | Noticed a red very ugly thing
    86 | D:1      | Escaped the Abyss
   554 | D:1      | Acquired Lugonu's first power
   578 | D:1      | Gained mutation: You have a pair of small antennae on your head. [demonic ancestry]
   578 | D:1      | Reached XP level 2. HP: 13/24 MP: 3/3
  1170 | D:2      | Reached skill level 4 in Fighting
  1518 | D:2      | Gained mutation: You have a pair of antennae on your head. [demonic ancestry]
  1518 | D:2      | Reached XP level 3. HP: 26/30 MP: 4/4
  1931 | D:2      | Acquired Lugonu's second power
  1931 | D:2      | Gained mutation: A weak demonic guardian rushes to your aid. [demonic ancestry]
  1931 | D:2      | Reached XP level 4. HP: 38/38 MP: 5/5
  1961 | D:2      | Reached skill level 5 in Fighting
  2351 | D:3      | Reached XP level 5. HP: 31/46 MP: 6/6
  2456 | D:3      | Noticed PooFace's ghost (average TrBe)
  2470 | D:3      | Killed PooFace's ghost
  2470 | D:3      | Reached skill level 6 in Fighting
  2647 | D:3      | Found a shattered altar of Ashenzari.
  2959 | D:3      | Gained mutation: You have a somewhat thin skeletal structure (Dex +2, Stealth). [demonic ancestry]
  2959 | D:3      | Reached XP level 6. HP: 41/53 MP: 7/7
  3095 | D:3      | Acquired Lugonu's third power
  4157 | D:4      | Killed by a spatial distortion

Vault maps used:
D:1:      dpeg_arrival_simpleton_b
D:2:      kennysheep_six_static_rooms
D:3:      nicolae_ashenzari_panopticon
D:4:      first_bread, sigmund_army, uniq_pikel

Action                   |  1- 3 |  4- 6 || total
-------------------------+-------+-------++-------
Melee: Falchion          |   141 |   202 ||   343
Invok: Depart the Abyss  |     1 |       ||     1
 Stab: Distracted        |     1 |     1 ||     2
       Sleeping          |       |     2 ||     2
  Eat: Chunk             |     4 |     7 ||    11
